 Dungeon Sprint DCSS version 0.31-a0-596-g831eee08f1 (webtiles) character file.

Game seed: 13297428912472010780

1875 sircluck the Grappler (level 8, -13/93 HPs)
             Began as a Troll Berserker on Aug 20, 2023.
             Was the Champion of Trog.
             Mangled by a freezing wraith (16 damage)
             ... in the Dungeon (Sprint VII: "The Pits").
             The game lasted 00:02:27 (538 turns).

sircluck the Grappler (Troll Berserker)              Turns: 538, Time: 00:02:27

Health: -13/93     AC:  4    Str: 28    XL:     8   Next: 91%
Magic:  7/7        EV: 12    Int:  3    God:    Trog [******]
Gold:   0          SH:  0    Dex:  9    Spells: 7/7 levels left

rFire   . .          .
                       - Unarmed
rCold   . . .        (no shield)
rNeg    . . .        a - +0 animal skin
rPois   .            (helmet restricted)
rElec   .            (no cloak)
rCorr   .            (gloves unavailable)
SInv    .            (boots unavailable)
Will    .....        (no amulet)
Stlth   +            (no ring)
HPRegen 1.15/turn    (no ring)
MPRegen 0.10/turn

%: no teleportation
@: slowed, very slow
A: large, unfitting armour, claws 3, regeneration 1, shaggy fur 1, tough skin 1
a: Renounce Religion, Berserk, Trog's Hand, Brothers in Arms


You were in the Dungeon.
You worshipped Trog.
Trog was exalted by your worship.
You visited 1 branch

Inventory:

Missiles
 k - 10 stones
Armour
 a - a +0 animal skin (worn)
Jewellery
 j - a +3 ring of dexterity
 m - a +3 ring of dexterity
Scrolls
 g - a scroll of blinking
 i - 2 scrolls of vulnerability
Potions
 b - 5 potions of curing
 c - 12 potions of heal wounds
 d - a potion of haste
 e - 4 potions of magic
 f - 3 potions of berserk rage
 h - 2 potions of invisibility
 l - 2 potions of mutation
 n - a potion of might


   Skills:
 + Level 10.3 Fighting
 + Level 10.1 Dodging
 + Level 12.0 Unarmed Combat


You had 7 spell levels left.
You didn't know any spells.
Your spell library was empty.

Dungeon Overview and Level Annotations

Branches:
Dungeon (1/1)

Altars:
Ashenzari
Cheibriados
Dithmenos
Elyvilon
Fedhas
Gozag
Hepliaklqana
Kikubaaqudgha
Makhleb
Nemelex Xobeh
Okawaru
Qazlal
Ru
Sif Muna
Trog
Uskayaw
Vehumet
Wu Jian
Xom
Yredelemnul
Zin
The Shining One
Jiyva
Lugonu


Innate Abilities, Weirdness & Mutations

You are too large for most types of armour.
You have claws for hands.
Your natural rate of healing is unusually fast.
You are covered in fur. (AC +1)
You have tough skin. (AC +1)


Message History

The freezing wraith hits you. The freezing wraith drains your vigour!
You feel as though you will be slow longer.
You barely miss the freezing wraith.
The freezing wraith is lightly damaged.
The freezing wraith barely misses you. The freezing wraith hits you.
The freezing wraith drains your vigour!
You feel as though you will be slow longer.
You claw the freezing wraith! Your claw misses the freezing wraith.
The freezing wraith is moderately damaged.
The freezing wraith hits you but does no damage.
The freezing wraith hits you! The freezing wraith drains your vigour!
You feel as though you will be slow longer.
You scratch the freezing wraith.
The freezing wraith is moderately damaged.
The freezing wraith barely misses you. The freezing wraith hits you.
The freezing wraith drains your vigour!
You feel as though you will be slow longer.
The freezing wraith misses you. The freezing wraith hits you!
The freezing wraith drains your vigour!
You feel as though you will be slow longer.
You scratch the freezing wraith but do no damage.
The freezing wraith is moderately damaged.
The freezing wraith hits you. The freezing wraith freezes you!!
* * * LOW HITPOINT WARNING * * *
The freezing wraith barely misses you.
You barely miss the freezing wraith.
The freezing wraith is moderately damaged.
The freezing wraith closely misses you. The freezing wraith hits you!
* * * LOW HITPOINT WARNING * * *
You feel much better.
The freezing wraith barely misses you. x2
You claw the freezing wraith!
The freezing wraith is heavily damaged.
The freezing wraith hits you! The freezing wraith freezes you!
* * * LOW HITPOINT WARNING * * *
The freezing wraith hits you.
* * * LOW HITPOINT WARNING * * *
The freezing wraith hits you!
* * * LOW HITPOINT WARNING * * *
The freezing wraith freezes you!
You die...

________.# ________.#
______...###########++######
########'##................#
?..')))'.##......#..#......#
########.##................+
..........'................+
#####'#####......#..#......#
#..#).#[[##.....@W)........#
#..÷..#))#####'#####''######
#..####))##.......##''#
#..#..#))##.......##....
#÷.#..#..##.......##.....
##)#..#'###...<...##.....#
#........##.......##...###
#........##.......##..##
###########.......#


You could see a freezing wraith.

Vanquished Creatures
  An orc knight (D)
  A flying skull (D)
  A spriggan (D)
  A basilisk (D)
  A warg (D)
  A floating eye (D)
  3 orc warriors (D)
  A sky beast (D)
  A centaur (D)
  A scorpion (D)
  A crimson imp (D)
  A hound (D)
  A jelly (D)
  2 orc wizards (D)
  A gnoll (D)
  A worm (D)
  8 orcs (D)
  A hobgoblin (D)
  7 jackals (D)
  A ball python skeleton (D)
  A bat (D)
  A rat (D)
38 creatures vanquished.

Vanquished Creatures (collateral kills)
  An orc warrior (D)
1 creature vanquished.

Grand Total: 39 creatures vanquished

Notes
Turn   | Place    | Note
-------+----------+-------------------------------------------
     0 | D        | sircluck the Troll Berserker began the quest for the Orb.
     0 | D        | Reached XP level 1. HP: 22/22 MP: 0/0
    61 | D        | Found a bloodstained altar of Trog.
    61 | D        | Found a shimmering blue altar of Sif Muna.
    61 | D        | Found a viscous altar of Jiyva.
    61 | D        | Found a hazy altar of Hepliaklqana.
    61 | D        | Found an opulent altar of Gozag.
    62 | D        | Found a glowing golden altar of the Shining One.
    62 | D        | Found a glowing silver altar of Zin.
    62 | D        | Found a basalt altar of Yredelemnul.
    62 | D        | Found a shimmering altar of Xom.
    62 | D        | Found an ornate altar of the Wu Jian Council.
    62 | D        | Found a sacrificial altar of Ru.
    62 | D        | Found a stormy altar of Qazlal.
    62 | D        | Found an iron altar of Okawaru.
    62 | D        | Found a sparkling altar of Nemelex Xobeh.
    62 | D        | Found a burning altar of Makhleb.
    62 | D        | Found a blossoming altar of Fedhas.
    62 | D        | Found a white marble altar of Elyvilon.
    62 | D        | Found a shadowy altar of Dithmenos.
    62 | D        | Found a snail-covered altar of Cheibriados.
    64 | D        | Found a radiant altar of Vehumet.
    64 | D        | Found a corrupted altar of Lugonu.
    65 | D        | Found a hide-covered altar of Uskayaw.
    65 | D        | Found an ancient bone altar of Kikubaaqudgha.
    65 | D        | Found a broken altar of Ashenzari.
    85 | D        | Reached XP level 2. HP: 31/31 MP: 1/1
    85 | D        | Reached ** piety under Trog
    89 | D        | Noticed a scorpion
    96 | D        | Killed a scorpion
    97 | D        | Reached skill level 5 in Unarmed Combat
    97 | D        | Reached XP level 3. HP: 23/40 MP: 2/2
    97 | D        | Reached XP level 4. HP: 28/49 MP: 3/3
    99 | D        | Reached *** piety under Trog
   125 | D        | Noticed a flying skull
   125 | D        | Noticed a floating eye
   133 | D        | Killed a flying skull
   134 | D        | Reached skill level 7 in Unarmed Combat
   134 | D        | Reached XP level 5. HP: 12/61 MP: 4/4
   135 | D        | Paralysed by a floating eye for 3 turns
   142 | D        | Reached **** piety under Trog
   142 | D        | Paralysed by a floating eye for 2 turns
   146 | D        | Killed a floating eye
   147 | D        | Reached skill level 8 in Unarmed Combat
   147 | D        | Reached XP level 6. HP: 21/71 MP: 5/5
   228 | D        | Noticed a sky beast
   230 | D        | Noticed an orc warrior
   241 | D        | Killed an orc warrior
   248 | D        | Killed a sky beast
   248 | D        | Reached ***** piety under Trog
   248 | D        | Noticed a warg
   249 | D        | Reached skill level 9 in Unarmed Combat
   249 | D        | Reached XP level 7. HP: 79/79 MP: 6/6
   266 | D        | Reached skill level 10 in Unarmed Combat
   289 | D        | Reached ****** piety under Trog
   289 | D        | Received a gift from Trog
   370 | D        | Noticed a basilisk
   370 | D        | Noticed an orc knight
   374 | D        | Reached XP level 8. HP: 76/92 MP: 7/7
   381 | D        | Killed an orc knight
   382 | D        | Reached skill level 11 in Unarmed Combat
   382 | D        | Received a gift from Trog
   391 | D        | Reached skill level 10 in Fighting
   521 | D        | Noticed a freezing wraith
   529 | D        | Reached skill level 10 in Dodging
   529 | D        | Reached skill level 12 in Unarmed Combat
   538 | D        | HP: 3/93 [freezing wraith (9)]
   538 | D        | Mangled by a freezing wraith

Illustrated notes

Levels and vault maps discovered:
D:        pitsprint [storerooms_1, entrance_room_1, metal_vault_4, armoury_1,
          mini_pit_1, grid_room_1, main_hall_1, silver_pit, the_coven_3,
          the_vestibule_1, steel_vault_2, golden_pit, hallway_of_sentries,
          crystal_vault_6, iron_vault_1, final_vault]

Skill      XL: |  1  2  3  4  5  6  7  8 |
---------------+-------------------------+-----
Fighting       | 3 4 6 7 9 10 | 10.3
Dodging        | 3 4 6 7 8 10 | 10.1
Unarmed Combat | 5 7 8 9 10 12 | 12.0

Action                     |  1- 3 |  4- 6 |  7- 9 || total
---------------------------+-------+-------+-------++-------
  Melee: Unarmed           |    12 |    32 |    73 ||   117
         Punch             |       |     1 |     4 ||     5
 Invoke: Berserk           |       |     1 |     1 ||     2
    Use: Potion            |       |       |     3 ||     3
         Scroll            |       |       |     1 ||     1
 Armour: Animal skin       |     4 |    15 |     8 ||    27
  Dodge: Dodged            |     4 |    19 |    38 ||    61

Table legend: (Time is in decaauts)
 A = Elapsed time spent in this place.
 B = Non-inter-level travel time spent in this place.
 C = Inter-level travel time spent in this place.
 D = Time resting spent in this place.
 E = Time spent auto-exploring this place.
 F = Levels seen in this place.
 G = Mean time per level.
                   A        B        C        D        E       F      G
               +--------+--------+--------+--------+--------+-----+--------+
         Total |    542 |    510 |     32 |     40 |    140 |   1 |  542.0 |
       Dungeon |    542 |    510 |     32 |     40 |    140 |   1 |  542.0 |
               +--------+--------+--------+--------+--------+-----+--------+

Top non-repeatable levels by time:
       D: 542 daAuts
